 Dungeon Crawl Stone Soup version 0.17.1-1-g73c8601 (webtiles) character file.

431 Gargoyl the Skirmisher (level 6, -1/49 HPs)
             Began as a Demonspawn Abyssal Knight on Dec 11, 2015.
             Was a Believer of Lugonu.
             Slain by an orc warrior
             ... wielding a +0 flail
              (16 damage)
             ... on level 3 of the Dungeon.
             The game lasted 00:07:32 (3891 turns).

Gargoyl the Skirmisher (Demonspawn Abyssal Knight)  Turns: 3891, Time: 00:07:33

Health: -1/49      AC: 10    Str: 14    XL:     6   Next: 67%
Magic:  8/8        EV:  7    Int: 13    God:    Lugonu [**....]
Gold:   85         SH:  0    Dex: 13    Spells: 0 memorised, 5 levels left

rFire  . . .     SeeInvis .     a - +1 hand axe
rCold  . . .     Clarity  .     g - +1 chain mail
rNeg   . . .     SustAt   .     (no shield)
rPois  .         Gourm    .     (no helmet)
rElec  .         Spirit   .     (no cloak)
rCorr  .         Warding  .     (no gloves)
rMut   .         Stasis   .     (no boots)
MR     .....                    (no amulet)
Stlth  ..........               (no ring)
                                (no ring)

@: not resistant to hostile enchantments, extremely unstealthy
A: powered by death 2, rot immunity
a: Depart the Abyss, Bend Space, Renounce Religion


You were on level 3 of the Dungeon.
You worshipped Lugonu.
Lugonu was pleased with you.
You were not hungry.

You visited 1 branch of the dungeon, and saw 4 of its levels.
You visited the Abyss 1 time.

You collected 85 gold pieces.

Inventory:

Hand Weapons
 a - a +1 hand axe (weapon)
 p - a +1 flail
Armour
 g - a +1 chain mail (worn)
Jewellery
 d - an uncursed ring of ice
Scrolls
 c - a scroll of recharging
 e - a scroll of enchant weapon
 k - 3 scrolls of remove curse
 l - a scroll of identify
Comestibles
 b - 3 meat rations
 j - a fruit
 m - a beef jerky


   Skills:
 + Level 4.7 Fighting
 + Level 3.2 Axes
 + Level 4.0 Armour
 + Level 2.2 Dodging
 + Level 3.1 Invocations


You had 5 spell levels left.
You didn't know any spells.

Dungeon Overview and Level Annotations

Branches:
Dungeon (4/15)             Temple (0/1) D:4

Altars:
Fedhas
Nemelex Xobeh
Qazlal
Trog


Innate Abilities, Weirdness & Mutations

You regenerate health from kills.
You are immune to rotting.


Message History

The orc warrior hits you with a flail!
The orc wizard looks braver for a moment.
You climb upwards.
There is a stone staircase leading down, spattered with blood here.
You completely miss the orc warrior. The orc warrior hits you with a flail!!
You closely miss the orc warrior. The orc warrior hits you with a flail.
You hit the orc warrior but do no damage.
The orc warrior hits you with a flail.
You aren't carrying any potions.
Okay, then.
You hit the orc warrior but do no damage.
The orc warrior hits you with a flail!
* * * LOW HITPOINT WARNING * * *
You hit the orc warrior but do no damage.
The orc warrior hits you but does no damage.
You hit the orc warrior.
The orc warrior is lightly wounded.
You feel less regenerative. The orc warrior hits you with a flail!
You die...

.#.#..#.#.################## #.#
.#......#.#................# #.#
.###..###.#.##############.# #.#
..........#.# #.........# #.#
###########.# #.######### #.#
##..........# #.# #.#
##.########.# #.# #.#
##.###############.# #.#
(..............o@#.# ####.#
.#.#.#######...†[..########....#
(#.#.#....###.#.#.#.#.#.#.#.#..#
.#.#.#.##.#..................#.#
)#.#.#.##...#.#.#.#.#.#.#.#.##.#
.#.#.#.#####..)..............#.#
.#.#.#.# ##.#.#.#.#.#.#.#.##.#
.#.#.#.# #.....<...........#.#
.#.#.#.# ##.#.#.#.#.#.#.#.##.#


You could see an orc warrior.

Vanquished Creatures
  Sigmund (D:3)
  A centaur zombie (D:3)
  An orc wizard (D:3)
  Terence (D:2)
  A worker ant (D:3)
  7 adders
  3 gnolls (D:3)
  A worm (D:2)
  7 giant geckos
  2 orcs
  2 ball pythons
  5 goblins
  11 hobgoblins
  8 kobolds
  7 bats
  A giant cockroach (D:1)
  4 giant newts
  A quokka skeleton (D:3)
  13 rats
77 creatures vanquished.

Notes
Turn   | Place    | Note
--------------------------------------------------------------
     0 | Abyss:1  | Gargoyl the Demonspawn Abyssal Knight began the quest for the Orb.
     0 | Abyss:1  | Reached XP level 1. HP: 18/18 MP: 2/2
    33 | Abyss:1  | Noticed a salamander
    35 | Abyss:1  | Noticed a spatial vortex
    44 | Abyss:1  | Noticed a hippogriff
    70 | Abyss:2  | Found a corrupted altar of Lugonu.
    85 | Abyss:2  | Noticed an ancient zyme
   100 | Abyss:2  | Found a corrupted altar of Lugonu.
   129 | Abyss:2  | Noticed a quicksilver dragon skeleton
   133 | D:1      | Escaped the Abyss
   486 | D:1      | Gained mutation: You are immune to rotting. [demonic ancestry]
   486 | D:1      | Reached XP level 2. HP: 24/24 MP: 4/4
   731 | D:1      | Reached * piety under Lugonu
  1271 | D:2      | Reached skill level 1 in Dodging
  1271 | D:2      | Gained mutation: You regenerate a little health from kills. [demonic ancestry]
  1271 | D:2      | Reached XP level 3. HP: 25/30 MP: 5/5
  1514 | D:2      | Found a bloodstained altar of Trog.
  1590 | D:2      | Reached ** piety under Lugonu
  1783 | D:2      | Reached skill level 4 in Fighting
  1785 | D:2      | Gained mutation: You regenerate health from kills. [demonic ancestry]
  1785 | D:2      | Reached XP level 4. HP: 37/37 MP: 6/6
  1996 | D:2      | Noticed Terence
  2025 | D:2      | Killed Terence
  2324 | D:3      | Reached XP level 5. HP: 32/43 MP: 7/7
  2611 | D:3      | Noticed Sigmund
  2650 | D:3      | Killed Sigmund
  2650 | D:3      | Reached XP level 6. HP: 10/49 MP: 8/8
  2869 | D:3      | Found a sparkling altar of Nemelex Xobeh.
  2907 | D:3      | Found a stormy altar of Qazlal.
  2988 | D:3      | Found a blossoming altar of Fedhas.
  3512 | D:3      | HP: 2/49 [poisoned by a worker ant]
  3520 | D:3      | HP: 2/49 [poisoned by a worker ant]
  3891 | D:3      | Slain by an orc warrior

Action                   |  1- 3 |  4- 6 || total
-------------------------+-------+-------++-------
Melee: Hand axe          |   178 |   194 ||   372
Invok: Depart the Abyss  |     1 |       ||     1
  Use: Potion            |       |     4 ||     4
       Scroll            |       |     8 ||     8
  Eat: Bread ration      |     1 |     1 ||     2
       Royal jelly       |       |     1 ||     1
       Fruit             |       |     1 ||     1
       Chunk             |       |     1 ||     1
